cohdb
Replays
Latest Replays
All Replays
Popular Replays
Top Player Replays
Match Explorer
How It Works
Community
CoH3 Stats
Reddit
Sign in to upload your games and track your stats! →
Sign in with Steam
Match 45439295
Unlisted
Match 45439295
Overview
Messages
Build Orders
End
Vickers Machine Gun Team
Construct Section Command Post
Infantry Section
Infantry Section
Grenade Package
Construct Platoon Command Post
Selects Air and Sea Battlegroup
Selects Supply Surplus
Selects UNKNOWN (223837)
Construct Resource Cache
Construct Resource Cache
Humber Armored Car
Selects Commando Section Paradrop
Selects M1 Pack Howitzer Paradrop
M1 Pack Howitzer Paradrop
Unlock Bishop Self-propelled Artillery
Royal Engineer Section
Bishop Self-propelled Artillery
CMP 15cwt Truck
Construct Company Command Post
Bishop Self-propelled Artillery
M1 Pack Howitzer Paradrop
Centaur IV Medium Tank
Selects Naval Bombardment
Commando Section Paradrop
Naval Bombardment
AI Takeover
bassboy521
March7th~ttv
Jack
AshtonFox
VRAGyVOROT
Agent Smith
Robin Da Hood
у С покойте
0
0
Comments
sign in to comment!
No comments posted yet!